 Dungeon Crawl Stone Soup version 0.29-a0-121-g8efb068a30 (webtiles) character file.

Game seed: 6148704972309558079

35 cyrus the Shield-Bearer (level 3, -8/29 HPs)
             Began as a Formicid Fighter on Feb 21, 2022.
             Mangled by an ogre (17 damage)
             ... on level 4 of the Dungeon.
             The game lasted 00:04:57 (2973 turns).

cyrus the Shield-Bearer (Formicid Fighter)          Turns: 2973, Time: 00:04:57

Health: -8/29      AC:  9    Str: 20    XL:     3   Next: 55%
Magic:  3/3        EV:  7    Int:  9    God:
Gold:   109        SH:  4    Dex: 10    Spells: 2/2 levels left

rFire   . . .      SeeInvis +   a - +0 trident
rCold   . . .      Faith    .   c - +0 buckler
rNeg    . . .      Spirit   .   n - +0 chain mail
rPois   .          Reflect  .   (helmet unavailable)
rElec   .          Harm     .   (no cloak)
rCorr   .          Rampage  .   (no gloves)
Will    .....                   (no boots)
Stlth   ..........              (no amulet)
HPRegen 0.09/turn               (no ring)
MPRegen 0.08/turn               (no ring)

@: mighty
A: permanent stasis, dig shafts and tunnels, antennae 3, four strong arms
a: Dig, Shaft Self


You were on level 4 of the Dungeon.
You visited 1 branch of the dungeon, and saw 4 of its levels.

You collected 109 gold pieces.

Inventory:

Hand Weapons
 a - a +0 trident (weapon)
Armour
 b - a +0 scale mail
 c - a +0 buckler (worn)
 n - a +0 chain mail (worn)
Jewellery
 q - a ring of ice
Scrolls
 g - a scroll of enchant armour {unknown}
 h - a scroll of acquirement {unknown}
 j - a scroll of teleportation {unknown}
 k - a scroll of identify {unknown}
Potions
 d - a potion of might
 e - a potion of mutation {unknown}
 f - 2 potions of lignification {unknown}
 i - a potion of flight {unknown}
 l - a potion of resistance {unknown}
 m - a potion of ambrosia {unknown}
 o - 2 potions of degeneration {unknown}
 p - a potion of curing {unknown}


   Skills:
 + Level 3.5 Fighting
 + Level 2.1 Polearms
 + Level 3.7 Armour
 + Level 0.3 Dodging
 + Level 4.3 Shields


You had 2 spell levels left.
You didn't know any spells.
Your spell library contained the following spells:

 Spells                   Type           Power      Damage    Failure   Level
 Gell's Gravitas          Tloc           0%         N/A       100%        3
 Lesser Beckoning         Tloc           0%         N/A       100%        3
 Teleport Other           Tloc           0%         N/A       100%        3
 Cause Fear               Hex            0%         N/A       100%        4
 Leda's Liquefaction      Hex/Erth       0%         N/A       100%        4
 Lee's Rapid Deconstruct  Erth           0%         3d5*      100%        5
 Statue Form              Tmut/Erth      0%         N/A       100%        6
 Dragon Form              Tmut           0%         N/A       100%        7
 Dragon's Call            Summ           0%         N/A       100%        9


Dungeon Overview and Level Annotations

Branches:
Dungeon (4/15)
 Temple: D:4-7

Altars:

Shops:
D:1 (


Innate Abilities, Weirdness & Mutations

You cannot be hasted, slowed, berserked, paralysed or teleported.
You can dig through walls and to a lower floor.
You have a pair of large antennae on your head. (SInv)
Your four strong arms can wield two-handed weapons with a shield.


Message History

The quokka bites you but does no damage.
You puncture the quokka!
You kill the quokka!
You start resting.
An endoplasm comes into view.
An endoplasm is nearby!
An endoplasm is nearby!
An endoplasm is nearby!
An endoplasm is nearby!
The endoplasm quivers.
You block the endoplasm's attack.
You barely miss the endoplasm. The endoplasm closely misses you.
The endoplasm hits you but does no damage.
You hit the endoplasm.
You kill the endoplasm!
You start resting.
HP restored.
You start waiting.
Done waiting.
You start waiting.
Done waiting.
You start waiting.
Done waiting.
You see here a +0 spear.
You now have 109 gold pieces (gained 12).
Found a stone staircase leading up.
An ogre comes into view. It is wielding a +0 giant club.
The ogre shouts!
An ogre is nearby!
A quokka comes into view.
You feel very mighty all of a sudden. The ogre hits you with a +0 giant club.
You puncture the ogre!
The ogre is moderately wounded.
The ogre hits you with a +0 giant club!
You closely miss the ogre.
The ogre is moderately wounded.
The ogre hits you with a +0 giant club!
Ouch! That really hurt!
You die...

.... ..<..
..... ###
...... #.#
#......
#.##.r.....
#.r..#
##O###
###.@#
#....##
#.....##
#......##
#.......#
#.......##
#........#
#........#
##.......#


You could see an ogre and a quokka.

Vanquished Creatures
  3 ball pythons
  5 endoplasms
  A giant cockroach (D:1)
  3 goblins
  3 hobgoblins (D:1)
  4 quokkas
  2 bats
  2 frilled lizards
  5 kobolds
  4 rats
32 creatures vanquished.

Notes
Turn   | Place    | Note
-------+----------+-------------------------------------------
     0 | D:1      | cyrus the Formicid Fighter began the quest for the Orb.
     0 | D:1      | Reached XP level 1. HP: 18/18 MP: 1/1
   778 | D:1      | Reached XP level 2. HP: 24/24 MP: 2/2
   787 | D:1      | Reached skill level 4 in Shields
   800 | D:1      | Found Zumak's Weapon Emporium.
  1080 | D:1      | Reached XP level 3. HP: 25/29 MP: 3/3
  2963 | D:4      | Noticed an ogre
  2973 | D:4      | Mangled by an ogre

Illustrated notes

Levels and vault maps discovered:
D:1:      minmay_arrival_widening_spiral_wide, layout_basic, serial_shops, shop,
          minmay_shallow_snake_nest
D:2:      layout_basic, dreamdust_ecumenical_altar_hidden_monk_grotto,
          serial_shops, nicolae_shop_bloodbath_and_beyond, dk_noncrumbling_4,
          uniq_jessica
D:3:      layout_basic
D:4:      layout_cave_pods, st_stairs_9,
          hangedman_abyss_or_decor_jellyfish_corner, roderic_roman_lattice,
          solitary_fountain, uniq_duvessa, uniq_eustachio

Skill      XL: |  1  2 |
---------------+-------+-----
Shields        | 4 |  4.3
Fighting       | |  3.5
Polearms       | |  2.1
Armour         | |  3.7
Dodging        | |  0.3

Action                   || total
-------------------------++-------
Melee: Trident           ||   100
  Use: Potion            ||     1
Armor: Scale mail        ||    49
       Chain mail        ||    27
Dodge: Dodged            ||    55
Block: Buckler           ||    38

Table legend: (Time is in decaauts)
 A = Elapsed time spent in this place.
 B = Non-inter-level travel time spent in this place.
 C = Inter-level travel time spent in this place.
 D = Time resting spent in this place.
 E = Time spent auto-exploring this place.
 F = Levels seen in this place.
 G = Mean time per level.
                   A        B        C        D        E       F      G
               +--------+--------+--------+--------+--------+-----+--------+
         Total |   2995 |   2971 |     24 |    950 |   1283 |   4 |  748.8 |
       Dungeon |   2995 |   2971 |     24 |    950 |   1283 |   4 |  748.8 |
               +--------+--------+--------+--------+--------+-----+--------+

Top non-repeatable levels by time:
     D:1: 1666 daAuts
     D:4: 648 daAuts
     D:3: 453 daAuts
     D:2: 226 daAuts
